 Dungeon Crawl Stone Soup version 0.27-a0-1139-g28e009f8a6 (webtiles) character file.

Game seed: 11775165640099131833

65 1player the Magician (level 4, 33/33 HPs)
             Began as a Djinni Ice Elementalist on May 7, 2021.
             Quit the game on level 2 of the Dungeon.
             The game lasted 00:05:29 (2480 turns).

1player the Magician (Djinni Ice Elementalist)      Turns: 2480, Time: 00:05:29

Health: 33/33      AC:  2    Str:  7    XL:     4   Next: 13%
Gold:   78         EV: 13    Int: 18    God:
                   SH:  0    Dex: 13

rFire    + + .     SeeInvis .   g - +0 dagger
rCold    x . .     Faith    .   (no shield)
rNeg     . . .     Spirit   .   a - +0 robe
rPois    ∞         Reflect  .   (no helmet)
rElec    .         Harm     .   (no cloak)
rCorr    .         Rampage  .   (no gloves)
Will     .....                  (boots unavailable)
Stlth    ++........             k - amulet of regeneration
HPRegen  1.11/turn              (no ring)
MPRegen  0.00/turn              (no ring)

@: flying
A: sickness immunity, fire resistance 2, cold vulnerability 1, float, innate
caster, hp casting, extra vitality 1
a: no special abilities


You were on level 2 of the Dungeon.
You visited 1 branch of the dungeon, and saw 2 of its levels.

You collected 78 gold pieces.

Inventory:

Hand Weapons
 d - a +0 club
 g - a +0 dagger (weapon)
Armour
 a - a +0 robe (worn)
 c - a +0 ring mail
Jewellery
 k - an amulet of regeneration (around neck)
Scrolls
 e - a scroll of vulnerability
 i - a scroll of amnesia {unknown}
 l - a scroll of immolation {unknown}
Potions
 b - a potion of resistance {unknown}
 f - a potion of might {unknown}
 h - a potion of flight {unknown}
 j - a potion of haste {unknown}


   Skills:
 + Level 1.9 Fighting
 - Level 3.1 Dodging
 - Level 1.5 Stealth
 * Level 4.1 Spellcasting


You couldn't memorise any spells.
You knew the following spells:

 Your Spells              Type           Power      Damage    Failure   Level
a - Corona                Hex            20%        N/A       2%          1
b - Frozen Ramparts       Ice            36%        1d5       9%          3
c - Ozocubu's Armour      Ice            18%        N/A       9%          3
d - Hailstorm             Conj/Ice       18%        3d6       26%         4
e - Metabolic Englaciati  Hex/Ice        9%         N/A       58%         5
q - Freeze                Ice            72%        1d9       2%          1
Your spell library was empty.

Dungeon Overview and Level Annotations

Branches:
Dungeon (2/15)

Altars:


Innate Abilities, Weirdness & Mutations

You are immune to sickness and miasma.
You are immune to poison.
Your flesh is very heat resistant. (rF++)
You are vulnerable to cold. (rC-)
You float through the air rather than walking.
You learn spells naturally, not from books.
Your magical power is your life essence.
You have superior vitality. (+4 HP)


Message History

Confirm with . or Enter, or press ? or * to list all spells.
Aiming: Freeze (safe; 2% risk of failure)
Press: ? - help, Shift-Dir - straight line, f - kobold
Aim: a kobold, wielding a +0 dagger You freeze the kobold.
You kill the kobold!
You now have 60 gold pieces (gained 6).
You see here a +0 dagger.
You now have 78 gold pieces (gained 18).
A ball python comes into view.
The ball python hisses angrily.
A quokka comes into view.
Casting: Freeze (safe; 2% risk of failure)
Confirm with . or Enter, or press ? or * to list all spells.
Aiming: Freeze (safe; 2% risk of failure)
Press: ? - help, Shift-Dir - straight line, f - ball python
Aim: a ball python You freeze the ball python.
You kill the ball python!
The quokka misses you.
Casting: Freeze (safe; 2% risk of failure)
Confirm with . or Enter, or press ? or * to list all spells.
Aiming: Freeze (safe; 2% risk of failure)
Press: ? - help, Shift-Dir - straight line, f - quokka
Aim: a quokka You freeze the quokka.
The quokka is almost dead.
The quokka bites you.
Casting: Freeze (safe; 2% risk of failure)
Confirm with . or Enter, or press ? or * to list all spells.
Aiming: Freeze (safe; 2% risk of failure)
Press: ? - help, Shift-Dir - straight line, f/p - quokka
Aim: a quokka (almost dead)
You freeze the quokka.
You kill the quokka!
You start resting.
HP restored.
Saving game... please wait.
Welcome back, 1player the Djinni Ice Elementalist.
Press ? for a list of commands and other information.
Are you sure you want to abandon this character and quit the game? (Confirm with "yes".)

#..# #..# #..# #..#
#####..# ###......#
.........#
..#.###†## ##
#.####@###.##
#...........#
##.###.###.## #
##..###.##
#.#.#....##..#
#........##.#######
###.#....)..........
#.........##.#######
#.###....###.#


There were no monsters in sight!

Vanquished Creatures
  Robin (D:2)
  3 ball pythons
  3 bats
  2 endoplasms (D:1)
  2 giant cockroaches (D:2)
  6 hobgoblins
  3 jackals
  3 kobolds
  3 quokkas
  A frilled lizard (D:1)
  14 goblins
  3 rats
44 creatures vanquished.

Notes
Turn   | Place    | Note
-------+----------+-------------------------------------------
     0 | D:1      | 1player the Djinni Ice Elementalist began the quest for the
                  | Orb.
     0 | D:1      | Reached XP level 1. HP: 15/15 MP: 0/0
   529 | D:1      | Reached XP level 2. HP: 20/22 MP: 0/0
  1005 | D:1      | Reached skill level 1 in Fighting
  1352 | D:1      | Found a faded altar of an unknown god.
  1446 | D:2      | Reached XP level 3. HP: 24/27 MP: 0/0
  1446 | D:2      | Learned a level 1 spell: Corona
  1924 | D:2      | Noticed Robin
  2122 | D:2      | Killed Robin
  2123 | D:2      | Reached skill level 4 in Spellcasting
  2126 | D:2      | Reached XP level 4. HP: 19/33 MP: 0/0
  2480 | D:2      | Quit the game

Illustrated notes

Levels and vault maps discovered:
D:1:      eino_arrival_cavern_d, layout_basic, ebering_ecumenical_altar_box,
          kennysheep_pointless_box, roderic_nine_men_s_morris, feat_on_display
D:2:      layout_loops_ring, uniq_robin, uniq_natasha

Skill      XL: |  1  2  3 |
---------------+----------+-----
Fighting       | 1 |  1.9
Dodging        | 3 |  3.1
Spellcasting   | 4 |  4.1
Stealth        | |  1.5

Action                   |  1- 3 |  4- 6 || total
-------------------------+-------+-------++-------
Melee: Club              |     4 |       ||     4
       Dagger            |    11 |       ||    11
 Cast: Freeze            |    52 |    10 ||    62
       Frozen Ramparts   |     1 |       ||     1
  Use: Scroll            |     1 |       ||     1
Armor: Robe              |     9 |       ||     9
Dodge: Dodged            |    37 |     2 ||    39

Table legend: (Time is in decaauts)
 A = Elapsed time spent in this place.
 B = Non-inter-level travel time spent in this place.
 C = Inter-level travel time spent in this place.
 D = Time resting spent in this place.
 E = Time spent auto-exploring this place.
 F = Levels seen in this place.
 G = Mean time per level.
                   A        B        C        D        E       F      G
               +--------+--------+--------+--------+--------+-----+--------+
         Total |   2482 |   2348 |    134 |   1069 |    760 |   2 | 1241.0 |
       Dungeon |   2482 |   2348 |    134 |   1069 |    760 |   2 | 1241.0 |
               +--------+--------+--------+--------+--------+-----+--------+

Top non-repeatable levels by time:
     D:1: 1926 daAuts
     D:2: 556 daAuts
